 Dungeon Crawl Stone Soup version 0.25.1-8-g42b30a86e7 (webtiles) character file.

Game seed: 11728138002286007845

46 H0rd4k the Magician (level 3, -2/19 HPs)
             Began as a Deep Elf Wizard on Dec 2, 2020.
             Slain by an adder (4 damage)
             ... on level 3 of the Dungeon.
             The game lasted 00:03:47 (2117 turns).

H0rd4k the Magician (Deep Elf Wizard)               Turns: 2117, Time: 00:03:47

Health: -2/19      AC:  3    Str:  4    XL:     3   Next: 46%
Magic:  8/12       EV: 13    Int: 23    God:
Gold:   82         SH:  0    Dex: 13    Spells: 4/13 levels left

rFire    . . .     SeeInvis .   k - +2 dagger (drain)
rCold    . . .     Gourm    .   (no shield)
rNeg     . . .     Faith    .   a - +0 robe
rPois    .         Spirit   .   b - +0 hat
rElec    .         Reflect  .   (no cloak)
rCorr    .         Harm     .   (no gloves)
MR       .....                  i - +0 pair of boots
Stlth    ++........             (no amulet)
HPRegen  0.06/turn              (no ring)
MPRegen  0.13/turn              (no ring)

@: lethally poisoned (-2 -> -8), very slightly contaminated
A: no striking features
a: no special abilities


You were on level 3 of the Dungeon.
You were not hungry.

You visited 1 branch of the dungeon, and saw 3 of its levels.

You collected 82 gold pieces.

Inventory:

Hand Weapons
 k - a +2 dagger of draining (weapon)
Missiles
 l - 5 poisoned darts (quivered)
Armour
 a - a +0 robe (worn)
 b - a +0 hat (worn)
 i - a +0 pair of boots (worn)
Jewellery
 j - an uncursed ring of protection from cold {unknown}
Scrolls
 c - a scroll of random uselessness {unknown}
 f - 5 scrolls of remove curse {unknown}
 g - 2 scrolls of enchant weapon {unknown}
 m - a scroll of fear {unknown}
 n - 2 scrolls of identify {unknown}
 o - a scroll of enchant armour {unknown}
 p - a scroll of magic mapping {unknown}
Potions
 e - 2 potions of resistance {unknown}
 h - a potion of curing {unknown}
Comestibles
 d - 2 rations
 q - 3 chunks of flesh


   Skills:
 + Level 2.9 Dodging
 + Level 2.6 Stealth
 + Level 5.5 Spellcasting
 + Level 1.6 Conjurations
   Level 1.1 Summonings
 + Level 1.1 Translocations
 * Level 0.3 Fire Magic
 * Level 0.2 Air Magic
 * Level 0.1 Poison Magic


You had 4 spell levels left.
You knew the following spells:

 Your Spells              Type           Power        Failure   Level  Hunger
a - Magic Dart            Conj           ##..         4%          1    None
b - Blink                 Tloc           N/A          9%          2    None
c - Conjure Flame         Conj/Fire      ##......     19%         3    ##.....
d - Mephitic Cloud        Conj/Pois/Air  #.......     21%         3    ##.....

Your spell library contained the following spells:

 Spells                   Type           Power        Failure   Level  Hunger
 Call Imp                 Summ           ##......     9%          2    None
 Slow                     Hex            #.......     14%         2    None


Dungeon Overview and Level Annotations

Branches:
Dungeon (3/15)

Altars:
Ashenzari

Annotations:
D:2 exclusions: 2 downstairs and ogre
D:3 Robin


Message History

Casting: Magic Dart (safe; 4% risk of failure)
Confirm with . or Enter, or press ? or * to list all spells.
Aiming: Magic Dart (safe; 4% risk of failure)
Press: ? - help, Shift-Dir - straight line, f/p - adder
Aim: an adder (severely wounded)
You miscast Magic Dart.
You are very lightly contaminated with residual magic.
Nothing appears to happen.
You feel sick. The goblin closely misses you. The adder bites you.
* * * LOW HITPOINT WARNING * * *
Robin throws the goblin at you!
Casting: Magic Dart (safe; 4% risk of failure)
Confirm with . or Enter, or press ? or * to list all spells.
Aiming: Magic Dart (safe; 4% risk of failure)
Press: ? - help, Shift-Dir - straight line, f/p - adder
Aim: an adder (severely wounded)
The magic dart hits the adder but does no damage.
The adder is severely wounded.
The adder bites you.
You die...

g.#.> #.# ## #.# ... ..#
# # ... #..######... ..
.... #..#........ ).#
#.. #..#........ .g. ..
#... ..#........
.......##...##.#g.......
.......###.....#@.......
.............gSgS.......
............gg$####.....
..............g.##......
...........####.........
..........>..g.g........
...........######S......
###<†......# ......
#.......### .....


You could see Robin, an adder, a hobgoblin (strong), 4 goblins and a ball
python.

Vanquished Creatures
  An adder (D:2)
  An ooze (D:2)
  A worm (D:2)
  2 bats
  8 goblins
  A hobgoblin (D:2)
  2 jackals
  6 kobolds
  4 frilled lizards
  5 rats
31 creatures vanquished.

Notes
Turn   | Place    | Note
-------+----------+-------------------------------------------
     0 | D:1      | H0rd4k the Deep Elf Wizard began the quest for the Orb.
     0 | D:1      | Reached XP level 1. HP: 10/10 MP: 7/7
   253 | D:2      | Found a shattered altar of Ashenzari.
   475 | D:1      | Reached XP level 2. HP: 15/15 MP: 6/9
   699 | D:1      | Reached skill level 5 in Spellcasting
  1291 | D:2      | Noticed an ogre
  1563 | D:2      | Reached XP level 3. HP: 19/19 MP: 3/11
  1567 | D:2      | Learned a level 2 spell: Blink
  1571 | D:2      | Learned a level 3 spell: Conjure Flame
  1575 | D:2      | Learned a level 3 spell: Mephitic Cloud
  1871 | D:3      | Noticed Robin
  2117 | D:3      | Slain by an adder

Illustrated notes

Levels and vault maps discovered:
D:1:      tarquinn_simple_flora_water_a, layout_loops_ring
D:2:      layout_rooms, overflow_temple_1_default, first_ration,
          chequers_serial_rivers_micro_e
D:3:      layout_rooms, portal_sewer_entry_f,
          hangedman_abyss_or_decor_lesser_grid, uniq_robin

Skill      XL: |  1  2 |
---------------+-------+-----
Spellcasting   | 5 |  5.5
Dodging        | |  2.9
Stealth        | |  2.6
Conjurations   | |  1.6
Summonings     | |  1.1
Translocations | |  1.1
Fire Magic     | |  0.3
Air Magic      | |  0.2
Poison Magic   | |  0.1

Action                   || total
-------------------------++-------
Melee: Dagger            ||     3
 Cast: Magic Dart        ||    85
  Eat: Chunk             ||     3
Armor: Robe              ||     2
Dodge: Dodged            ||    29
